 Dungeon Crawl Stone Soup version 0.20.0 (webtiles) character file.

170 FakerFangirl the Cudgeler (level 5, -2/45 HPs)
             Began as a Draconian Fighter on May 26, 2017.
             Slain by Grinder (4 damage)
             ... while paralysed by Grinder
             ... on level 4 of the Dungeon.
             The game lasted 00:04:03 (3263 turns).

FakerFangirl the Cudgeler (Draconian Fighter)       Turns: 3263, Time: 00:04:03

Health: -2/45      AC:  7    Str: 18    XL:     5   Next: 25%
Magic:  5/5        EV:  2    Int:  9    God:
Gold:   130        SH:  0    Dex: 11    Spells: 4/4 levels left

rFire    . . .     SeeInvis .   Y - +0 flail
rCold    + . .     Gourm    .   b - +0 shield
rNeg     . . .     Faith    .   (armour unavailable)
rPois    .         Spirit   .   (helmet restricted)
rElec    .         Reflect  .   (no cloak)
rCorr    .         Harm     .   o - +0 pair of gloves
MR       .....                  j - +0 pair of boots
Stlth    +.........             (no amulet)
Regen    0.2/turn               h - ring of protection from cold
MPRegen  0.1/turn               (no ring)

@: paralysed
A: unfitting armour, cold-blooded, AC +5
a: no special abilities


You were on level 4 of the Dungeon.
You were hungry.

You visited 1 branch of the dungeon, and saw 4 of its levels.

You collected 130 gold pieces.


Innate Abilities, Weirdness & Mutations

Your plain brown scales are hard. (AC +5)
You cannot fit into any form of body armour.
You are cold-blooded and may be slowed by cold attacks.


   Skills:
 - Level 3.2 Fighting
 + Level 5.5 Maces & Flails
 - Level 2.6 Dodging
 - Level 3.0 Shields


You had 4 spell levels left.
You didn't know any spells.

Inventory:

Hand Weapons
 Y - a +0 flail (weapon)
Armour
 b - a +0 shield (worn)
 j - a +0 pair of boots (worn)
 o - a +0 pair of gloves (worn)
Jewellery
 h - a ring of protection from cold (left hand)
Scrolls
 n - 2 scrolls of recharging
 p - a scroll of identify
Potions
 c - a potion of might
 e - a potion of heal wounds {unknown}
 i - a potion of berserk rage {unknown}
 l - a potion of agility {unknown}
 q - 2 potions of mutation {unknown}
Comestibles
 d - a bread ration
 f - 4 royal jellies
 k - a fruit
 m - 2 meat rations

Dungeon Overview and Level Annotations

Branches:
Dungeon (4/15)
 Temple: D:4-7

Altars:

Annotations:
D:4 Grinder


Message History

Grinder gestures at you. You resist with significant effort.
You closely miss Grinder.
Grinder is lightly wounded.
Grinder completely misses you.
You sock Grinder!
Grinder is moderately wounded.
Grinder hits you.
You writhe in agony.
You barely miss Grinder.
Grinder is moderately wounded.
You block Grinder's attack.
You closely miss Grinder.
Grinder is moderately wounded.
Grinder closely misses you.
You sock Grinder!
Grinder is heavily wounded.
Grinder gestures at you.
You suddenly lose the ability to move!
Grinder hits you but does no damage. Grinder hits you.
You die...

$..
....#...#...
.........
.#...#.
.......#
##.###
.......# #..
#5 ?..... ...
... ..... ?#
.... #..#
##.# #5##
###@.######..
#............
#.........###
#.........#
###########


You could see Grinder.

Vanquished Creatures
  A howler monkey (D:3)
  6 adders
  An ooze (D:3)
  A dart slug (D:2)
  2 worms
  2 leopard geckos
  2 orcs
  2 ball pythons
  9 bats
  2 giant cockroaches (D:3)
  6 goblins
  11 hobgoblins
  2 jackals (D:2)
  A quokka (D:3)
  5 frilled lizards
  6 kobolds
  9 rats
68 creatures vanquished.

Notes
Turn   | Place    | Note
-------+----------+-------------------------------------------
     0 | D:1      | FakerFangirl the Draconian Fighter began the quest for the Orb.
     0 | D:1      | Reached XP level 1. HP: 19/19 MP: 1/1
     0 | D:1      | 0 ||| counter = 64
   105 | D:1      | Reached XP level 2. HP: 22/26 MP: 2/2
   288 | D:1      | Reached skill level 3 in Maces & Flails
   698 | D:1      | 698 ||| UPGRADING to pair of boots.
   703 | D:1      | 703 ||| READING 2 scrolls labeled ILETHR HOEMOK.
   704 | D:1      | 704 ||| READING scroll labeled GIRGHU LAAZIJEE.
   708 | D:1      | 708 ||| READING 2 scrolls labeled LILE NUUROU.
   709 | D:1      | 709 ||| READING scroll of identify.
   709 | D:1      | 709 ||| IDENTIFYING tourmaline ring
   710 | D:1      | 710 ||| UPGRADING to ring of protection from cold.
   981 | D:2      | Found a faded altar of an unknown god.
   983 | D:2      | 983 ||| STAIRDANCE
   988 | D:2      | 988 ||| STAIRDANCE
   992 | D:2      | 992 ||| STAIRDANCE
   998 | D:2      | 998 ||| STAIRDANCE
  1002 | D:2      | 1002 ||| STAIRDANCE
  1032 | D:2      | Reached XP level 3. HP: 31/31 MP: 3/3
  1421 | D:2      | Reached skill level 4 in Maces & Flails
  1571 | D:2      | 1571 ||| Stepping ~*~*~tactically~*~*~ (outnumbered).
  1573 | D:2      | 1573 ||| Stepping ~*~*~tactically~*~*~ (outnumbered).
  1696 | D:2      | Reached XP level 4. HP: 32/38 MP: 4/4
  1999 | D:2      | 1999 ||| READING scroll labeled XAPANU YXZEQECU.
  2000 | D:2      | 2000 ||| READING scroll labeled PUECOON ISTRUSU.
  2001 | D:2      | 2001 ||| READING scroll labeled BETSUE HE UVEFO.
  2002 | D:2      | 2002 ||| READING 2 scrolls labeled QIPEABESMY.
  2003 | D:2      | 2003 ||| DRINKING 2 dark potions.
  2004 | D:2      | 2004 ||| DROPPING potion of flight.
  2341 | D:3      | Reached skill level 5 in Maces & Flails
  2348 | D:3      | Reached XP level 5. HP: 21/45 MP: 5/5
  2371 | D:3      | HP: 11/45 [poisoned by an adder]
  2934 | D:3      | 2934 ||| UPGRADING to pair of gloves.
  2939 | D:3      | 2939 ||| READING 3 scrolls of identify.
  2939 | D:3      | 2939 ||| IDENTIFYING runed bone ring
  2940 | D:3      | 2940 ||| DROPPING cursed ring of teleportation.
  2941 | D:3      | 2941 ||| READING 2 scrolls of identify.
  2941 | D:3      | 2941 ||| IDENTIFYING gilded ring
  2942 | D:3      | 2942 ||| DROPPING ring of flight.
  2998 | D:4      | Noticed Grinder
  3014 | D:4      | HP: 10/45 [Grinder (2)]
  3015 | D:4      | 3015 ||| READING scroll of teleportation.
  3015 | D:4      | HP: 4/45 [poisoned by a worker ant]
  3015 | D:4      | HP: 1/45 [Grinder (1)]
  3018 | D:4      | 3018 ||| DRINKING potion of curing.
  3018 | D:4      | 3018 ||| (to cure poison)
  3259 | D:4      | HP: 7/45 [Grinder (5)]
  3259 | D:4      | HP: 1/45 [Grinder (6)]
  3262 | D:4      | Paralysed by Grinder for 6 turns
  3263 | D:4      | Slain by Grinder

Vault maps used:
D:1:      dpeg_arrival_stonehenge_12_columns, minmay_tree_intersection,
          lemuel_flame_loot_1
D:2:      chequers_ecumenical_altar_island, minmay_tiny_reverse_x
D:4:      first_bread, minmay_misc_feat_four_crosses, sigmund_army, uniq_grinder

Skill      XL: |  1  2  3  4 |
---------------+-------------+-----
Maces & Flails | 3 4 5 |  5.5
Fighting       | |  3.2
Dodging        | |  2.6
Shields        | |  3.0

Action                   |  1- 3 |  4- 6 || total
-------------------------+-------+-------++-------
Melee: Flail             |   127 |   124 ||   251
       Tailslap          |     9 |    16 ||    25
  Use: Scroll            |     4 |     7 ||    11
       Potion            |       |     2 ||     2
  Eat: Chunk             |     3 |     4 ||     7
Armor: Skin              |    40 |    27 ||    67
Dodge: Dodged            |    50 |    53 ||   103
Block: Shield            |    58 |    66 ||   124
